 Dungeon Crawl Stone Soup version 0.25.0-41-g26779e291d (webtiles) character file.

Game seed: 2461895796779189607

43 Milting the Sneak (level 3, 0/21 HPs)
             Began as a Vampire Enchanter on July 10, 2020.
             Slain by Sigmund
             ... wielding a +0 scythe of freezing
              (1 damage)
             ... on level 3 of the Dungeon.
             The game lasted 00:11:54 (1203 turns).

Milting the Sneak (Vampire Enchanter)               Turns: 1203, Time: 00:11:54

Health: 0/21       AC:  2    Str:  5 (7)  XL:     3   Next: 37%
Magic:  6/6        EV: 12    Int: 15 (17) God:
Gold:   56         SH:  0    Dex: 13 (15) Spells: 5/6 levels left

rFire    x . .     SeeInvis +   a - +1 dagger
rCold    + . .     Gourm    .   (no shield)
rNeg     . . .     Faith    .   b - +0 robe
rPois    .         Spirit   .   (no helmet)
rElec    .         Reflect  .   (no cloak)
rCorr    .         Harm     .   (no gloves)
MR       .....                  (no boots)
Stlth    +++.......             c - amulet of magic regeneration
HPRegen  0.27/turn              j - ring of ice
MPRegen  0.35/turn              (no ring)

@: regenerating quickly
A: no food, fangs 3, see invisible, [frail 1], unbreathing
a: Exsanguinate


You were on level 3 of the Dungeon.
You were alive.

You visited 1 branch of the dungeon, and saw 3 of its levels.

You collected 56 gold pieces.

Inventory:

Hand Weapons
 a - a +1 dagger (weapon)
Missiles
 e - 24 sling bullets
 f - 42 stones (quivered)
Armour
 b - a +0 robe (worn)
 k - a +0 leather armour
 l - a +0 leather armour
Jewellery
 c - an amulet of magic regeneration (around neck)
 j - a ring of ice (left hand)
Scrolls
 d - a scroll of teleportation {unknown}
 g - 3 scrolls of remove curse {unknown}
 i - a scroll of magic mapping {unknown}
Potions
 h - a potion of might {unknown}


   Skills:
 - Level 1.1 Short Blades
 - Level 2.1 Dodging
 + Level 6.9 Stealth
 - Level 2.0 Spellcasting
 - Level 4.4 Hexes


You had 5 spell levels left.
You knew the following spells:

 Your Spells              Type           Power        Failure   Level  Hunger
a - Corona                Hex            ##.....      3%          1    N/A

Your spell library contained the following spells:

 Spells                   Type           Power        Failure   Level  Hunger
 Confusing Touch          Hex            ##......     11%         3    N/A
 Tukima's Dance           Hex            ##......     11%         3    N/A
 Ensorcelled Hibernation  Hex/Ice        ##....       14%         2    N/A
 Dazzling Flash           Conj/Hex       #.....       26%         3    N/A

Dungeon Overview and Level Annotations

Branches:
Dungeon (3/15)

Altars:

Annotations:
D:2 Robin
D:3 Sigmund


Innate Abilities, Weirdness & Mutations

You do not eat.
Your natural rate of healing is unusually fast.
You have razor-sharp teeth.
You have supernaturally acute eyesight. (SInv)
You can survive without breathing.
[You are frail. (-10% HP)]


Message History

The jackal bites you but does no damage.
A jackal comes into view.
The jackal closely misses you. The jackal bites you.
* * * LOW HITPOINT WARNING * * *
A goblin comes into view.
Found a stone staircase leading down.
Sigmund the Dreaded comes into view.
He is wielding a +0 scythe of freezing.
The jackal closely misses you.
Sigmund shouts!
You hear a bark!
Sigmund closely misses you.
There is a stone staircase leading down here.
You can't go up here!
You climb downwards.
A hobgoblin comes into view.
There is a stone staircase leading up here.
Sigmund hits you from afar with a +0 scythe of freezing!
* * * LOW HITPOINT WARNING * * *
Sigmund freezes you.
You die...

#g #.
###.#######
###.........#
...........#
####.........###
........@.......
#<........
##@.....#
#......#
#........
#........
#####.... ....
###


You could see Sigmund.

Vanquished Creatures
  2 adders (D:2)
  2 dart slugs (D:1)
  A leopard gecko (D:1)
  3 bats
  A giant cockroach (D:1)
  3 hobgoblins
  4 jackals (D:1)
  2 frilled lizards (D:1)
  A kobold (D:1)
  A rat (D:2)
20 creatures vanquished.

Notes
Turn   | Place    | Note
-------+----------+-------------------------------------------
     0 | D:1      | Milting the Vampire Enchanter began the quest for the Orb.
     0 | D:1      | Reached XP level 1. HP: 13/13 MP: 3/3
    47 | D:1      | Reached skill level 5 in Stealth
   107 | D:1      | Reached XP level 2. HP: 19/19 MP: 5/5
   630 | D:1      | Reached skill level 6 in Stealth
   968 | D:2      | Identified the cursed +0 helmet of Gunn {-Tele rPois Int+2
                  | Dex+7}
   968 | D:2      | Noticed Robin
   991 | D:2      | Reached XP level 3. HP: 10/24 MP: 6/6
  1198 | D:2      | Noticed Sigmund
  1203 | D:3      | HP: 1/21 [Sigmund/+0 scythe of freezing (7)]
  1203 | D:3      | Slain by Sigmund

Illustrated notes

Levels and vault maps discovered:
D:1:      elethiomel_arrival_quiet, layout_loops_ring, corner_web_ring
D:2:      layout_basic, first_ration, lemuel_another_geyser, uniq_robin,
          uniq_terence, uniq_sigmund
D:3:      layout_basic, chequers_ecumenical_altar_simple

Skill      XL: |  1  2 |
---------------+-------+-----
Stealth        | 5 6 |  6.9
Short Blades   | |  1.1
Dodging        | |  2.1
Spellcasting   | |  2.0
Hexes          | |  4.4

Action                   || total
-------------------------++-------
Melee: Dagger            ||   104
       Bite              ||     8
 Abil: End Transformatio ||     1
       Bat Form          ||     1
       Exsanguinate      ||     1
       Revivify          ||     1
 Stab: Sleeping          ||     6
Armor: Robe              ||    27
Dodge: Dodged            ||    72
